 Dungeon Crawl Stone Soup version 0.29.1-2-gbd0b4ee654 (webtiles) character file.

Game seed: 17709377768560792426

48 whiskeysaurus the Digger (level 3, -1/20 HPs)
             Began as a Gargoyle Earth Elementalist on Nov 21, 2022.
             Slain by a gnoll
             ... wielding a +0 spear
              (4 damage)
             ... on level 2 of the Dungeon.
             The game lasted 00:01:37 (1001 turns).

whiskeysaurus the Digger (GrEE)                     Turns: 1001, Time: 00:01:38

Health: -1/20      AC:  5    Str: 11    XL:     3   Next: 72%
Magic:  4/6        EV: 12    Int: 17    God:
Gold:   43         SH:  0    Dex: 10    Spells: 5/6 levels left

rFire   . . .      SeeInvis .     - Unarmed
rCold   . . .      Faith    .   (no shield)
rNeg    + . .      Spirit   .   a - +0 robe
rPois   ∞          Reflect  .   (no helmet)
rElec   +          Harm     .   (no cloak)
rCorr   .          Rampage  .   (no gloves)
Will    .....                   (no boots)
Stlth   ++........              (no amulet)
HPRegen 0.06/turn               (no ring)
MPRegen 0.10/turn               (no ring)

@: no status effects
A: sickness immunity, AC +3, negative energy resistance 1, electricity
resistance, torment resistance 1, petrification resistance
a: no special abilities


You were on level 2 of the Dungeon.
You visited 1 branch of the dungeon, and saw 2 of its levels.

You collected 43 gold pieces.

Inventory:

Armour
 a - a +0 robe (worn)
Scrolls
 c - a scroll of identify {unknown}
 d - a scroll of enchant armour {unknown}
 f - a scroll of teleportation {unknown}
Potions
 b - a potion of magic
 e - a potion of mutation {unknown}


   Skills:
 + Level 1.2 Fighting
 + Level 1.9 Dodging
 - Level 2.2 Stealth
 + Level 1.2 Unarmed Combat
 + Level 2.2 Spellcasting
 + Level 1.2 Transmutations
 + Level 3.9 Earth Magic


You had 5 spell levels left.
You knew the following spells:

 Your Spells              Type           Power      Damage    Failure   Level
a - Sandblast             Erth           30%        2d9       3%          1

Your spell library contained the following spells:

 Spells                   Type           Power      Damage    Failure   Level
 Passwall                 Tmut/Erth      8%         N/A       10%         2
 Stone Arrow              Conj/Erth      16%        3d8       26%         3
 Petrify                  Tmut/Erth      10%        N/A       54%         4


Dungeon Overview and Level Annotations

Branches:
Dungeon (2/15)

Altars:


Innate Abilities, Weirdness & Mutations

You are immune to sickness and miasma.
Your stone body is resilient. (AC +3)
You are immune to poison.
You resist negative energy. (rN+)
You are resistant to electric shocks. (rElec)
You are resistant to unholy torment.
You are immune to petrification.


Message History

A ball python is nearby!
The ball python hisses angrily.
The blast of sand hits the ball python!
You kill the ball python!
You see here a +0 whip.
You see here an orb of mayhem.
You see here an orb of mayhem.
There is an open door here.
Done exploring.
Done exploring.
Done exploring.
You see here a +0 dagger.
There is a stone staircase leading down here.
You climb downwards.
There is a stone staircase leading up here. 2 gnolls come into view.
The gnoll shouts!
A rat comes into view.
A gnoll comes into view. It is wielding a +0 club.
You can't see any susceptible monsters within range! (Use Z to cast anyway.)
A gnoll comes into view. It is wielding a +0 spear.
The blast of sand hits the gnoll!
The gnoll is severely wounded.
The gnoll shouts!
There is a stone staircase leading up here.
The blast of sand hits the rat!
You kill the rat!
The blast of sand hits the gnoll!
You kill the gnoll!
You hit the gnoll but do no damage.
The gnoll hits you from afar with a +0 spear.
The gnoll completely misses you.
You closely miss the gnoll. The gnoll closely misses you.
The gnoll hits you with a +0 whip.
You hit the gnoll but do no damage.
The gnoll hits you from afar with a +0 spear.
The gnoll hits you with a +0 whip.
* * * LOW HITPOINT WARNING * * *
The gnoll hits you from afar with a +0 spear.
You die...

............ ..
.#..#........# #
.........#..#
#.#..#.##..#..##
......##......
......g... #..##..#
##.#.#.@##..#
........gg..#
...................
##......#####..#.#.
...#.#..# ....# ..
#.#... ..... # #
##.# .#.#. ... ....
### #.#.


You could see 2 gnolls.

Vanquished Creatures
  2 gnolls
  2 ball pythons (D:1)
  3 giant cockroaches (D:1)
  A goblin (D:1)
  4 hobgoblins (D:1)
  2 jackals (D:1)
  A quokka (D:1)
  4 bats (D:1)
  4 frilled lizards (D:1)
  2 kobolds (D:1)
  3 rats
28 creatures vanquished.

Notes
Turn   | Place    | Note
-------+----------+-------------------------------------------
     0 | D:1      | whiskeysaurus the Gargoyle Earth Elementalist began the
                  | quest for the Orb.
     0 | D:1      | Reached XP level 1. HP: 10/10 MP: 3/3
   182 | D:1      | Reached skill level 1 in Transmutations
   182 | D:1      | Reached XP level 2. HP: 16/16 MP: 0/5
   502 | D:1      | Reached skill level 1 in Fighting
   600 | D:1      | Reached skill level 1 in Unarmed Combat
   600 | D:1      | Reached XP level 3. HP: 20/20 MP: 4/6
  1001 | D:2      | Slain by a gnoll

Illustrated notes

Levels and vault maps discovered:
D:1:      dpeg_arrival_more_subterranean_lakeside_camping, layout_basic,
          minmay_misc_feat_columns
D:2:      layout_basic, minivault_24

Skill      XL: |  1  2 |
---------------+-------+-----
Transmutations | 1 |  1.2
Fighting       | 1 |  1.2
Unarmed Combat | 1 |  1.2
Dodging        | |  1.9
Stealth        | |  2.2
Spellcasting   | |  2.2
Earth Magic    | |  3.9

Action                   || total
-------------------------++-------
Melee: Unarmed           ||    29
 Cast: Sandblast         ||    34
Armor: Robe              ||    16
Dodge: Dodged            ||    29
